 Dungeon Crawl Stone Soup version 0.30-a0-341-g682706514a (webtiles) character file.

Game seed: 5767454015438177209

275 Lobster4 the Conjurer (level 6, -3/32 HPs)
             Began as a Deep Elf Conjurer on Nov 5, 2022.
             Slain by Edmund
             ... wielding a +8 vorpal flail
              (6 damage)
             ... on level 4 of the Dungeon.
             The game lasted 00:07:15 (3325 turns).

Lobster4 the Conjurer (Deep Elf Conjurer)           Turns: 3325, Time: 00:07:15

Health: -3/32      AC:  3    Str:  4    XL:     6   Next: 3%
Magic:  10/15      EV: 12    Int: 25    God:
Gold:   175        SH:  0    Dex: 13    Spells: 12/15 levels left

rFire   + . .      SeeInvis .    a - +0 rapier
rCold   + . .      Faith    .    (no shield)
rNeg    . . .      Spirit   .    y - +1 robe {rC+ rF+}
rPois   .          Reflect  .    (no helmet)
rElec   .          Harm     .    (no cloak)
rCorr   .          Rampage  .    (no gloves)
Will    .....                    (no boots)
Stlth   ++........               (no amulet)
HPRegen 0.25/turn                (no ring)
MPRegen 0.14/turn                (no ring)

@: no status effects
A: no striking features
a: no special abilities


You were on level 4 of the Dungeon.
You visited 1 branch of the dungeon, and saw 4 of its levels.

You collected 175 gold pieces.

Inventory:

Hand Weapons
 a - a +0 rapier (weapon)
 b - a +0 sling
 e - a +0 short sword
 m - a +0 lajatang
Missiles
 d - 35 stones
 v - 4 poisoned darts
Armour
 c - a +0 leather armour
 y - a +1 robe of resistance (worn)
Magical Staves
 s - a staff of cold
Jewellery
 j - a ring of flight
Wands
 n - a wand of flame (14)
Scrolls
 f - a scroll of blinking {unknown}
 g - a scroll of amnesia {unknown}
 i - a scroll of teleportation
 k - a scroll of silence {unknown}
 l - a scroll of identify {unknown}
 u - a scroll of vulnerability {unknown}
 w - a scroll of immolation
 x - a scroll of fear {unknown}
Potions
 h - 2 potions of curing {unknown}
 o - a potion of might {unknown}
 q - 2 potions of brilliance {unknown}
 r - 2 potions of berserk rage {unknown}
 t - 2 potions of magic


   Skills:
 + Level 2.3 Armour
 - Level 3.0 Dodging
 - Level 3.0 Stealth
 + Level 5.0 Spellcasting
 + Level 5.6 Conjurations
 + Level 1.5 Evocations


You had 12 spell levels left.
You knew the following spells:

 Your Spells              Type           Power      Damage    Failure   Level
a - Magic Dart            Conj           100%       1d8       1%          1
b - Searing Ray           Conj           68%        2d6       1%          2

Your spell library contained the following spells:

 Spells                   Type           Power      Damage    Failure   Level
 Dazzling Flash           Conj/Hex       40%        N/A       8%          3
 Sting                    Tmut/Pois      24%        1d4       9%          1
 Call Imp                 Summ           6%         N/A       12%         2
 Poisonous Vapours        Pois/Air       12%        N/A       12%         2
 Mephitic Cloud           Conj/Pois/Air  15%        N/A       12%         3
 Fulminant Prism          Conj/Hex       10%        3d9       26%         4
 Iskenderun's Mystic Bla  Conj/Tloc      20%        2d6       26%         4
 Olgreb's Toxic Radiance  Pois           6%         N/A       63%         4
 Ozocubu's Refrigeration  Ice            3%         4d8       100%        7
 Ignition                 Fire           3%         3d4       100%        8


Dungeon Overview and Level Annotations

Branches:
Dungeon (4/15)
 Temple: D:4-7

Altars:

Annotations:
D:3 1 runed translucent door, koil's ghost, amateur DrTm
D:4 Edmund


Message History

As you read the scroll labelled CATZOU QERICEODGH, it crumbles to dust.
The air around you briefly surges with heat, but it dissipates.
It was a scroll of immolation.
There is an open door here.
Throw: 6 darts (poison)
Press: ? - help, Shift-Dir - straight line, f - Edmund
Aim: Edmund, wielding a +8 vorpal flail and wearing a +0 ring mail (60% to hit)
You throw a poisoned dart. The poisoned dart hits Edmund.
Edmund is poisoned.
Throw: 5 darts (poison)
Press: ? - help, Shift-Dir - straight line, f/p - Edmund
Aim: Edmund, wielding a +8 vorpal flail and wearing a +0 ring mail (poisoned, 60% to hit)
You throw a poisoned dart. The poisoned dart hits Edmund.
Edmund looks even sicker.
An orc comes into view. It is wielding a +0 short sword.
The orc moves out of view.
An orc comes into view. It is wielding a +0 hand axe.
Edmund looks more healthy.
Casting: Magic Dart (safe; 1% risk of failure)
Confirm with . or Enter, or press ? or * to list all spells.
Aiming: Searing Ray (safe; 1% risk of failure)
Press: ? - help, Shift-Dir - straight line, f/p - Edmund
Aim: Edmund, wielding a +8 vorpal flail and wearing a +0 ring mail (heavily wounded, 83% to hit)
The searing ray hits Edmund but does no damage.
Edmund is heavily wounded. (Press . to maintain the ray.)
The searing ray hits Edmund.
Edmund is heavily wounded.
Edmund says, "You wouldn't believe how much I paid for this flail."
Edmund hits you with a +8 vorpal flail.
The searing ray hits Edmund!
Edmund is severely wounded.
Edmund hits you with a +8 vorpal flail!
The searing ray hits Edmund.
Edmund is almost dead.
You finish channelling your searing ray.
Edmund closely misses you. Edmund hits you with a +8 vorpal flail!
Ouch! That really hurt!
* * * LOW HITPOINT WARNING * * *
You die...

############ ...........#
##########.######## ###
##..†........ ..#
#....##########.# #######
#........@@...#.# ..!....
.#####.###########.#.# .......
.o'......@...# #..#<##.......
..#####.####.#####..#..'.......
#.....##.............#.......
#....#.#.####......#.......
#....#'#.#.........#.......
#........#.#..(....#....###
#........# ###.(...#.(....


You could see Edmund.

Vanquished Creatures
  Blork the orc (D:4)
  Terence (D:2)
  Jessica (D:2)
  An iguana (D:4)
  A gnoll (D:1)
  4 adders
  3 dart slugs
  8 ball pythons
  10 endoplasms
  3 giant cockroaches
  4 goblins
  12 hobgoblins
  3 jackals (D:1)
  4 kobolds
  3 quokkas
  7 bats
  4 frilled lizards
  3 rats
73 creatures vanquished.

Vanquished Creatures (others)
  7 plants (D:1)
7 creatures vanquished.

Grand Total: 80 creatures vanquished

Notes
Turn   | Place    | Note
-------+----------+-------------------------------------------
     0 | D:1      | Lobster4 the Deep Elf Conjurer began the quest for the Orb.
     0 | D:1      | Reached XP level 1. HP: 10/10 MP: 6/6
   184 | D:1      | Reached XP level 2. HP: 15/15 MP: 5/8
   580 | D:1      | Reached XP level 3. HP: 19/19 MP: 3/9
   674 | D:1      | Learned a level 2 spell: Searing Ray
   788 | D:1      | Reached skill level 1 in Armour
   864 | D:1      | Found a faded altar of an unknown god.
  1378 | D:2      | Noticed Jessica
  1385 | D:2      | Killed Jessica
  1386 | D:2      | Reached XP level 4. HP: 24/24 MP: 8/12
  1565 | D:2      | Reached skill level 5 in Conjurations
  1940 | D:2      | Noticed Terence
  1973 | D:2      | Killed Terence
  2047 | D:3      | Reached XP level 5. HP: 28/28 MP: 11/13
  2478 | D:3      | Found a runed translucent door.
  2570 | D:3      | Noticed koil's ghost (amateur DrTm)
  2604 | D:4      | Noticed Blork the orc
  2690 | D:4      | Noticed an orc warrior
  2736 | D:4      | Killed Blork the orc
  2737 | D:4      | Reached skill level 1 in Evocations
  2849 | D:4      | Reached skill level 5 in Spellcasting
  3138 | D:4      | Reached XP level 6. HP: 32/32 MP: 11/15
  3253 | D:4      | Noticed Edmund
  3325 | D:4      | Slain by Edmund

Illustrated notes

Levels and vault maps discovered:
D:1:      dpeg_arrival_boxes_within_box, layout_rooms,
          ebering_ecumenical_altar_petrified, serial_bayou,
          serial_bayou_crossing, serial_bayou_pond_d, serial_bayou_ford_a,
          serial_bayou_pond_e, st_stairs_5
D:2:      minmay_recursive_quarters, layout_basic, uniq_jessica, uniq_terence
D:3:      layout_rooms, ebering_ghost_reflecting_pool
D:4:      layout_basic, uniq_edmund, uniq_crazy_yiuf_cottage, uniq_blork_the_orc

Skill      XL: |  1  2  3  4  5 |
---------------+----------------+-----
Stealth        | 3 |  3.0
Dodging        | 3 |  3.0
Armour         | 1 2 |  2.3
Spellcasting   | 4 5 |  5.0
Conjurations   | 5 |  5.6
Evocations     | 1 |  1.5

Action                   |  1- 3 |  4- 6 || total
-------------------------+-------+-------++-------
Melee: Rapier            |       |     1 ||     1
Throw: Dart              |       |     2 ||     2
 Cast: Magic Dart        |    64 |    65 ||   129
       Searing Ray       |     3 |     9 ||    12
  Use: Scroll            |       |     2 ||     2
Armor: Robe              |     2 |       ||     2
Dodge: Dodged            |     7 |     4 ||    11

Table legend: (Time is in decaauts)
 A = Elapsed time spent in this place.
 B = Non-inter-level travel time spent in this place.
 C = Inter-level travel time spent in this place.
 D = Time resting spent in this place.
 E = Time spent auto-exploring this place.
 F = Levels seen in this place.
 G = Mean time per level.
                   A        B        C        D        E       F      G
               +--------+--------+--------+--------+--------+-----+--------+
         Total |   3338 |   3156 |    182 |    197 |   2511 |   4 |  834.5 |
       Dungeon |   3338 |   3156 |    182 |    197 |   2511 |   4 |  834.5 |
               +--------+--------+--------+--------+--------+-----+--------+

Top non-repeatable levels by time:
     D:1: 1198 daAuts
     D:2: 825 daAuts
     D:4: 667 daAuts
     D:3: 646 daAuts
